 Dungeon Crawl Stone Soup version 0.24-a0-397-g73b976d855 (webtiles) character file.

Game seed: 2531509111949834190

12656 Laiders72 the Basher (level 12, -1/97 HPs)
             Began as a Formicid Fighter on June 4, 2019.
             Was an Elder of Ru.
             Slain by a skeletal warrior
             ... wielding a +0 trident
             ... led by a skeletal warrior
              (17 damage)
             ... on level 11 of the Dungeon.
             The game lasted 00:38:56 (14215 turns).

Laiders72 the Basher (Formicid Fighter)            Turns: 14215, Time: 00:38:57

Health: -1/97      AC: 18    Str: 22    XL:     12   Next: 22%
Magic:  12/12      EV:  6    Int:  8    God:    Ru [****..]
Gold:   399        SH: 18    Dex: 14    Spells: 11/11 levels left

rFire    . . .     SeeInvis +   E - +3 eveningstar (drain)
rCold    x . .     Gourm    .   l - +0 large shield
rNeg     + . .     Faith    +   G - +3 chain mail
rPois    .         Spirit   .   (helmet unavailable)
rElec    .         Reflect  .   y - +0 cloak
rCorr    .         Harm     .   r - +0 pair of gloves
MR       +....                  b - +2 pair of boots
Stlth    ..........             J - amulet of faith
HPRegen  0.26/turn              o - ring of positive energy
MPRegen  0.13/turn              u - ring of protection from fire

@: no potions, lightly drained
A: permanent stasis, dig shafts and tunnels, four strong arms, antennae 3,
inability to drink while threatened, temperature sensitive
a: Dig, Shaft Self, Draw Out Power, Power Leap, Renounce Religion


You were on level 11 of the Dungeon.
You worshipped Ru.
Ru was greatly pleased with you.
You were not hungry.

You visited 1 branch of the dungeon, and saw 11 of its levels.

You collected 741 gold pieces.
You spent 342 gold pieces at shops.

Inventory:

Hand Weapons
 E - a +3 eveningstar of draining (weapon)
Missiles
 m - a javelin
 z - 28 boomerangs (quivered)
Armour
 b - a +2 pair of boots (worn)
 l - a +0 large shield (worn)
 r - a +0 pair of gloves (worn)
 y - a +0 cloak (worn)
 G - a +3 chain mail (worn)
Jewellery
 i - an uncursed ring of flight
 o - a ring of positive energy (left hand)
 u - a ring of protection from fire (right hand)
 J - an amulet of faith (around neck)
Wands
 j - a wand of polymorph (19)
 w - a wand of flame (30)
 F - a wand of iceblast (6)
 I - a wand of disintegration (9)
Scrolls
 p - 2 scrolls of amnesia {unknown}
 s - 2 scrolls of remove curse
 v - a scroll of fear {unknown}
 x - 2 scrolls of enchant weapon {unknown}
 B - 2 scrolls of blinking {unknown}
 C - 3 scrolls of teleportation {unknown}
 D - 2 scrolls of identify
Potions
 c - 2 potions of heal wounds
 d - a potion of cancellation {unknown}
 e - 3 potions of ambrosia
 g - a potion of haste {unknown}
 h - 6 potions of curing
 k - 2 potions of lignification {unknown}
 n - a potion of degeneration {unknown}
 q - 2 potions of resistance {unknown}
 t - 3 potions of agility {unknown}
 A - 2 potions of flight {unknown}
 H - 2 potions of might
Comestibles
 f - 16 rations


   Skills:
 - Level 10.0(9.7) Fighting
 * Level 13.1(12.8) Maces & Flails
 + Level 5.1(4.9) Armour
 + Level 11.7(11.4) Shields


You had 11 spell levels left.
You didn't know any spells.
Your spell library contained the following spells:

 Spells                   Type           Power        Failure   Level  Hunger
 Beastly Appendage        Tmut           #.....       100%        1    ##.....
 Sticks to Snakes         Tmut           #.......     100%        2    ###....
 Spider Form              Tmut/Pois      #.........   100%        3    ####...
 Ice Form                 Ice/Tmut       #.......     100%        4    #####..
 Blade Hands              Tmut           #.........   100%        5    ######.


Dungeon Overview and Level Annotations

Branches:
Dungeon (11/15)            Temple (0/1) D:5            Lair (0/6) D:8
    Orc (0/2) D:9

Altars:
Fedhas
Gozag
Ru
Sif Muna

Shops:
D:8 (   D:9 [


Innate Abilities, Weirdness & Mutations

You cannot be hasted, slowed, berserked, paralysed or teleported.
You can dig through walls and to a lower floor.
Your four strong arms can wield two-handed weapons with a shield.
You have a pair of large antennae on your head. (SInv)
You cannot drink potions while threatened.
You are sensitive to extremes of temperature. (rF-, rC-)


Message History

The skeletal warrior is moderately damaged.
You block the skeletal warrior's attack.
You bludgeon the skeletal warrior!!
The skeletal warrior is severely damaged.
The skeletal warrior hits you with a +0 dire flail!
* * * LOW HITPOINT WARNING * * *
The skeletal warrior hits you but does no damage.
You sock the skeletal warrior!
The skeletal warrior is almost destroyed.
The skeletal warrior hits you with a +0 dire flail!
* * * LOW HITPOINT WARNING * * *
The skeletal warrior barely misses you.
You barely miss the skeletal warrior.
The skeletal warrior is almost destroyed.
You redirect the skeletal warrior's attack!
The skeletal warrior hits the skeletal warrior with a +0 dire flail.
You closely miss the skeletal warrior.
The skeletal warrior is almost destroyed.
The skeletal warrior hits you from afar with a +0 trident!
You die...

#. ..## #####'#####
.... #.........# #..
#.........# {#...
#.........+ {#...###
#.........# {#.=.zz#
#.........#
#...#z#####.........#
.....
#.z@..#...).....#
P⌠P.
#####.'...(.....# ...
###...).....# ..
####)###### . #.# #(#
#># #.# ######.####


You could see 3 skeletal warriors.

Vanquished Creatures
  3 two-headed ogres
  A skeletal warrior (D:11)
  An ugly thing (D:11)
  5 gargoyles (D:10)
  A troll (D:10)
  A spriggan (D:7)
  A basilisk (D:8)
  3 hungry ghosts
  A water moccasin (D:7)
  4 porcupines
  5 orc warriors
  An eye of draining (D:8)
  A black bear (D:8)
  An ice beast (D:10)
  2 sky beasts
  A phantom (D:7)
  A necrophage (D:11)
  6 ogres
  4 wolves
  12 centaurs
  2 crocodiles
  A big kobold (D:11)
  A gnoll sergeant (D:7)
  5 bullfrogs
  A wyvern skeleton (D:8)
  3 scorpions
  16 killer bees
  19 wights
  2 howler monkeys (D:5)
  6 electric eels (D:10)
  2 crimson imps
  3 quasits
  5 hounds
  2 orc priests
  4 gnoll shamans (D:9)
  4 jellies
  3 iguanas
  A bullfrog skeleton (D:8)
  10 orc wizards
  7 worker ants
  A killer bee zombie (D:7)
  A hound skeleton (D:4)
  12 adders
  15 gnolls
  2 shadow imps
  5 oozes
  5 worms
  3 adder skeletons
  An adder zombie (D:5)
  4 dart slugs
  6 leopard geckos
  38 orcs
  A ball python (D:4)
  5 giant cockroaches
  10 goblins
  6 hobgoblins
  5 jackals (D:4)
  2 quokkas
  8 bats
  2 frilled lizards
  9 kobolds
  A leopard gecko skeleton (D:5)
  A quokka skeleton (D:4)
  9 rats
304 creatures vanquished.

Vanquished Creatures (others)
  A crocodile (D:10)
  A gnoll (D:7)
  A leopard gecko (D:10)
  An orc (D:8)
  8 fungi
  7 plants
19 creatures vanquished.

Grand Total: 323 creatures vanquished

Notes
Turn   | Place    | Note
-------+----------+-------------------------------------------
     0 | D:1      | Laiders72 the Formicid Fighter began the quest for the Orb.
     0 | D:1      | Reached XP level 1. HP: 18/18 MP: 1/1
   137 | D:1      | Reached XP level 2. HP: 14/24 MP: 2/2
   766 | D:2      | Reached XP level 3. HP: 29/29 MP: 3/3
  1054 | D:2      | Found a blossoming altar of Fedhas.
  1058 | D:2      | Reached skill level 3 in Maces & Flails
  1093 | D:2      | Reached XP level 4. HP: 25/37 MP: 4/4
  1797 | D:3      | Reached XP level 5. HP: 35/42 MP: 5/5
  1967 | D:3      | Reached skill level 4 in Maces & Flails
  2379 | D:3      | Noticed a centaur
  2388 | D:3      | Killed a centaur
  2388 | D:3      | Reached skill level 5 in Shields
  2388 | D:3      | Reached XP level 6. HP: 34/49 MP: 6/6
  2971 | D:4      | Got a creamy pearl robe
  3008 | D:4      | Reached skill level 5 in Maces & Flails
  3156 | D:4      | Reached XP level 7. HP: 55/55 MP: 7/7
  3208 | D:4      | Found a sacrificial altar of Ru.
  3389 | D:4      | Identified the +0 robe of Beyond {rC+} (You found it on
                  | level 4 of the Dungeon)
  3397 | D:4      | Became a worshipper of Ru the Awakened
  3428 | D:5      | Entered Level 5 of the Dungeon
  3441 | D:5      | Reached skill level 5 in Fighting
  3452 | D:5      | Found a deep blue altar of Sif Muna.
  3828 | D:5      | Reached skill level 6 in Maces & Flails
  4102 | D:5      | Reached XP level 8. HP: 49/63 MP: 8/8
  4168 | D:5      | Found an opulent altar of Gozag.
  4250 | D:5      | Found a staircase to the Ecumenical Temple.
  5296 | D:6      | Gained mutation: You cannot drink potions while threatened.
                  | [Ru sacrifice]
  5296 | D:6      | Reached * piety under Ru
  5375 | D:6      | Reached skill level 7 in Maces & Flails
  6244 | D:6      | Reached XP level 9. HP: 25/71 MP: 9/9
  6765 | D:7      | Reached skill level 8 in Maces & Flails
  7843 | D:7      | Reached skill level 9 in Maces & Flails
  8096 | D:7      | Reached XP level 10. HP: 67/80 MP: 10/10
  8755 | D:8      | Reached skill level 10 in Maces & Flails
  8969 | D:7      | HP: 1/82 [wolf (7)]
  9270 | D:8      | Noticed a two-headed ogre
  9282 | D:8      | Killed a two-headed ogre
  9289 | D:7      | HP: 4/82 [porcupine (2)]
  9293 | D:7      | HP: 1/82 [wolf (4)]
  9311 | D:7      | HP: 3/82 [porcupine's spines (8)]
  9777 | D:8      | Reached skill level 11 in Maces & Flails
  9791 | D:8      | Gained mutation: You are sensitive to extremes of
                  | temperature. (rF-, rC-) [Ru sacrifice]
  9791 | D:8      | Reached ** piety under Ru
  9791 | D:8      | Reached *** piety under Ru
  9791 | D:8      | Reached **** piety under Ru
  9817 | D:8      | Noticed a two-headed ogre
  9834 | D:8      | Killed a two-headed ogre
  9834 | D:8      | Reached skill level 10 in Shields
  9834 | D:8      | Reached XP level 11. HP: 28/89 MP: 11/11
 10108 | D:8      | Found a staircase to the Lair.
 10204 | D:8      | Found Bill's Antique Weapon Shop.
 10224 | D:8      | Bought a glowing eveningstar for 342 gold pieces
 10843 | D:9      | Found Paraikh's Armour Shoppe.
 11433 | D:9      | Found a staircase to the Orcish Mines.
 11445 | D:9      | Reached skill level 12 in Maces & Flails
 11474 | D:9      | Noticed a two-headed ogre
 11482 | D:9      | Killed a two-headed ogre
 11482 | D:9      | Reached skill level 10 in Fighting
 11907 | D:10     | Entered Level 10 of the Dungeon
 13507 | D:10     | Reached XP level 12. HP: 89/97 MP: 12/12
 13813 | D:11     | Reached skill level 13 in Maces & Flails
 14180 | D:11     | Noticed a skeletal warrior
 14180 | D:11     | Noticed a skeletal warrior
 14180 | D:11     | Noticed a skeletal warrior
 14180 | D:11     | Noticed a skeletal warrior
 14182 | D:11     | Noticed a skeletal warrior
 14209 | D:11     | Killed a skeletal warrior
 14209 | D:11     | Reached skill level 5 in Armour
 14215 | D:11     | Slain by a skeletal warrior

Levels and vault maps discovered:
D:1:      tarquinn_simple_flora_water_b, layout_rooms, minmay_3d_cube
D:2:      layout_basic, fedhas_altar_1
D:3:      layout_loops_cross
D:4:      layout_cave_pools, nicolae_ru_great_annihilating_truth
D:5:      layout_loops_ring, minmay_temple_entry_overgrown, first_ration,
          hangedman_feature_mirror
D:6:      minmay_chambers_of_sixes, layout_cave_pods
D:7:      layout_basic, the_bakery
D:8:      layout_cave_pools, minmay_lair_entry_grove, serial_shops, shop
D:9:      kennysheep_seaside_town, layout_basic, serial_shops, shop
D:10:     cheibrodos_statue_roulette, layout_basic
D:11:     layout_roguey, eino_house_with_fridge

Skill      XL: |  1  2  3  4  5  6  7  8  9 10 11 12 |
---------------+-------------------------------------+-----
Shields        | 4 5 6 7 8 10 11 | 11.7
Maces & Flails | 3 4 5 6 7 9 11 12 13 | 13.1
Fighting       | 4 5 6 7 9 10 | 10.0
Armour         | 4 5 |  5.1

Action                   |  1- 3 |  4- 6 |  7- 9 | 10-12 || total
-------------------------+-------+-------+-------+-------++-------
Melee: Flail             |   104 |   249 |   610 |   297 ||  1260
       Eveningstar       |       |       |       |   273 ||   273
       Dire flail        |       |       |       |    35 ||    35
Throw: Javelin           |       |     4 |       |       ||     4
Invok: Sacrifice Drink   |       |       |     1 |       ||     1
       Sacrifice Resista |       |       |       |     1 ||     1
       Reject Sacrifices |       |       |       |     1 ||     1
  Use: Scroll            |     2 |     1 |     3 |     1 ||     7
       Potion            |       |       |     3 |     3 ||     6
 Stab: Invisible         |       |       |     2 |     1 ||     3
       Paralysed         |       |       |     2 |       ||     2
       Distracted        |       |       |     2 |     2 ||     4
  Eat: Chunk             |     1 |     7 |    17 |    17 ||    42
       Ration            |       |       |     4 |     1 ||     5
Armor: Scale mail        |    56 |    80 |    71 |       ||   207
       Plate armour      |       |       |   229 |   196 ||   425
       Chain mail        |       |       |       |    60 ||    60
Dodge: Dodged            |    31 |    50 |   110 |    85 ||   276
Block: Shield            |    46 |       |       |       ||    46
       Large shield      |    52 |   220 |   639 |   569 ||  1480

Table legend:
 A = Non-vault XP
 B = Vault XP
 C = Vault XP percentage of total XP
 D = Non-vault monster count
 E = Vault monster count
 F = Vault count percentage of total count
                 A         B        C        D         E       F
            +---------+---------+-------+---------+---------+-------
      Total |   11463 |    6617 |  36.6 |     249 |      57 |  18.6
            +---------+---------+-------+---------+---------+-------
        D:1 |      21 |       6 |  22.2 |      10 |       3 |  23.1
        D:2 |      46 |       0 |   0.0 |      19 |       0 |   0.0
        D:3 |     304 |       0 |   0.0 |      36 |       0 |   0.0
        D:4 |     165 |       6 |   3.5 |      20 |       4 |  16.7
        D:5 |     533 |      16 |   2.9 |      17 |       2 |  10.5
        D:6 |     469 |     495 |  51.3 |      15 |       5 |  25.0
        D:7 |    2391 |     788 |  24.8 |      48 |       6 |  11.1
        D:8 |    2358 |    1822 |  43.6 |      29 |       8 |  21.6
        D:9 |    1660 |    1372 |  45.3 |      17 |      24 |  58.5
       D:10 |    1371 |    2112 |  60.6 |      22 |       5 |  18.5
       D:11 |    2145 |       0 |   0.0 |      16 |       0 |   0.0
            +---------+---------+-------+---------+---------+-------
